 Dungeon Crawl Stone Soup version 0.24-a0-504-gcfb02b9d07 (webtiles) character file.

Game seed: 13670047024369238278

30039 Gynju the Destroyer (level 13, -6/105 HPs)
             Began as a Black Draconian Conjurer on July 16, 2019.
             Was an Elder of Vehumet.
             Mangled by an eight-headed hydra (18 damage)
             ... on level 5 of the Lair of Beasts on July 17, 2019.
             The game lasted 01:26:30 (30210 turns).

Gynju the Destroyer (Black Draconian Conjurer)     Turns: 30210, Time: 01:26:30

Health: -6/105     AC: 15    Str: 10    XL:     13   Next: 18%
Magic:  3/24       EV: 16    Int: 20    God:    Vehumet [****..]
Gold:   934        SH:  9    Dex: 13    Spells: 4/26 levels left

rFire    . . .     SeeInvis .   a - +5 rapier (speed)
rCold    . . .     Gourm    .   J - +0 buckler
rNeg     . . .     Faith    .   (armour unavailable)
rPois    +         Spirit   .   (helmet restricted)
rElec    +         Reflect  +   P - +1 cloak
rCorr    .         Harm     .   t - +2 pair of gloves
MR       .....                  l - +1 pair of boots
Stlth    ++........             Q - +4 amulet of reflection
HPRegen  0.27/turn              f - +3 ring of slaying
MPRegen  0.19/turn              q - ring of poison resistance

@: very slightly contaminated
A: breathe lightning, unfitting armour, electricity resistance, cold-blooded, AC
+8
a: Breathe Lightning, Renounce Religion


You were on level 5 of the Lair of Beasts.
You worshipped Vehumet.
Vehumet was greatly pleased with you.
You were hungry.

You visited 3 branches of the dungeon, and saw 18 of its levels.

You collected 934 gold pieces.

Inventory:

Hand Weapons
 a - a +5 rapier of speed (weapon)
 b - a +0 fustibalus
Missiles
 c - 509 stones (quivered)
 p - 18 javelins
 F - 105 sling bullets
 G - 182 arrows
Armour
 l - a +1 pair of boots (worn)
 t - a +2 pair of gloves (worn)
 z - a +2 shield
 J - a +0 buckler (worn)
 P - a +1 cloak (worn)
Jewellery
 f - a +3 ring of slaying (left hand)
 q - a ring of poison resistance (right hand)
 L - an uncursed ring of protection from cold
 Q - a +4 amulet of reflection (around neck)
Wands
 e - a wand of random effects (24)
 k - a wand of flame (30)
 s - a wand of disintegration (30)
 w - a wand of iceblast (12)
 A - a wand of digging (19)
 B - a wand of paralysis (6)
Scrolls
 d - a scroll of magic mapping
 h - a scroll of blinking
 n - 12 scrolls of remove curse
 o - a scroll of amnesia
 r - 6 scrolls of teleportation
 u - 3 scrolls of fog
 v - a scroll of vulnerability {unknown}
 y - 3 scrolls of identify
 I - a scroll of random uselessness {unknown}
Potions
 g - a potion of mutation
 j - 2 potions of agility
 m - 5 potions of curing
 x - a potion of might
 C - a potion of haste
 D - 2 potions of flight
 E - 2 potions of resistance
 M - a potion of ambrosia
Comestibles
 O - 24 rations


   Skills:
 + Level 7.4 Fighting
 + Level 8.8 Short Blades
 + Level 6.9 Dodging
 - Level 1.7 Stealth
 - Level 4.0 Shields
 + Level 7.3 Spellcasting
 + Level 13.0 Conjurations
 - Level 5.0 Hexes
 - Level 2.1 Transmutations
 - Level 2.0 Fire Magic
 - Level 2.0 Ice Magic
 + Level 6.2 Earth Magic


You had 4 spell levels left.
You knew the following spells:

 Your Spells              Type           Power        Failure   Level  Hunger
a - Magic Dart            Conj           ####         1%          1    None
b - Dazzling Spray        Conj/Hex       #####.       1%          3    #......
c - Passwall              Tmut/Erth      ###.....     2%          2    None
d - Flame Tongue          Conj/Fire      #####        1%          1    None
e - Freeze                Ice            ###.         1%          1    None
f - Conjure Flame         Conj/Fire      #####...     1%          3    #......
g - Iron Shot             Conj/Erth      #####.....   7%          6    ######.
h - Venom Bolt            Conj/Pois      ####......   4%          5    #####..

Your spell library contained the following spells:

 Spells                   Type           Power        Failure   Level  Hunger
 Confusing Touch          Hex            ####..       1%          1    None
 Sandblast                Erth           ####..       1%          1    None
 Shock                    Conj/Air       ####         1%          1    None
 Searing Ray              Conj           ######       1%          2    None
 Static Discharge         Conj/Air       ####....     1%          3    #......
 Stone Arrow              Conj/Erth      #####.       1%          3    #......
 Force Lance              Conj/Tloc      ####....     1%          4    ###....
 Fulminant Prism          Conj/Hex       #####.....   1%          4    ###....
 Iskenderun's Mystic Bla  Conj           ######..     1%          4    ###....
 Beastly Appendage        Tmut           ###...       3%          1    None
 Confuse                  Hex            ####....     3%          3    #......
 Sticks to Snakes         Tmut           ###.....     5%          2    None
 Animate Skeleton         Necr           N/A          9%          1    None
 Pain                     Necr           #...         9%          1    None
 Swiftness                Chrm/Air       #.......     14%         2    None
 Petrify                  Tmut/Erth      ###.....     16%         4    ###....
 Spider Form              Tmut/Pois      ##........   17%         3    #......
 Airstrike                Air            #.........   22%         4    ###....
 Gell's Gravitas          Tloc           #.........   26%         3    #......
 Regeneration             Chrm/Necr      #.........   26%         3    #......
 Vampiric Draining        Necr           #.........   26%         3    #......
 Ice Form                 Ice/Tmut       ###.....     36%         4    ###....
 Animate Dead             Necr           N/A          65%         4    ###....
 Lightning Bolt           Conj/Air       ####......   4%          5    #####..
 Lee's Rapid Deconstruct  Erth           ####......   5%          5    #####..
 Yara's Violent Unravell  Hex/Tmut       ###.......   16%         5    #####..
 Metabolic Englaciation   Hex/Ice        ###.......   52%         5    #####..
 Blade Hands              Tmut           ###.......   71%         5    #####..
 Simulacrum               Ice/Necr       ##........   100%        6    ######.


Dungeon Overview and Level Annotations

Branches:
Dungeon (11/15)            Temple (1/1) D:6            Lair (6/6) D:11
  Swamp (0/4) Lair:3        Snake (0/4) Lair:2        Slime (0/5) Lair:5
    Orc (0/2) D:10

Altars:
Ashenzari
Cheibriados
Dithmenos
Elyvilon
Fedhas
Gozag
Hepliaklqana
Kikubaaqudgha
Makhleb
Nemelex Xobeh
Okawaru
Qazlal
Ru
Sif Muna
Trog
Uskayaw
Vehumet
Wu Jian
Xom
Yredelemnul
Zin
The Shining One

Annotations:
D:4 Edmund
D:5 Sigmund
D:10 exclusion: downstairs
D:11 exclusion: ugly thing, Erolcha
Lair:2 1 runed translucent door, skumtomte's ghost, novice HOBe
Lair:3 2 transporters, Nergalle; Rupert; Shaidar's ghost, journeyman GrBe


Innate Abilities, Weirdness & Mutations

You can breathe wild blasts of lightning.
Your glossy black scales are hard. (AC +8)
You cannot fit into any form of body armour.
You are resistant to electric shocks. (rElec)
You are cold-blooded and may be slowed by cold attacks.


Message History

The eight-headed hydra is severely wounded.
The eight-headed hydra is dazzled.
The eight-headed hydra closely misses you.
You block the eight-headed hydra's attack.
The eight-headed hydra bites you.
* * * LOW HITPOINT WARNING * * *
The eight-headed hydra bites you but does no damage.
The eight-headed hydra completely misses you.
The eight-headed hydra barely misses you.
You block the eight-headed hydra's attack.
The eight-headed hydra misses you.
Casting: Dazzling Spray (safe; 1% risk of failure)
Confirm with . or Enter, or press ? or * to list all spells.
Aiming: Dazzling Spray (safe; 1% risk of failure)
Press: ? - help, Shift-Dir - straight line, f/p - eight-headed hydra
Aim: an eight-headed hydra (severely wounded, blind)
The spray of energy hits the eight-headed hydra.
The eight-headed hydra is severely wounded.
The eight-headed hydra is dazzled.
The eight-headed hydra bites you!!
You die...

#....###......≈≈≈≈≈≈≈≈.......
#....##..#...................
##....#####....###....P.....#
#....####.....#............#
#...##.###.................#
#.....####.................P
#.....................#PP...
##............#....(.#####..
###≈.........@P#.##....#.#....
#...≈.≈≈≈...D...#.##..........
##..≈≈≈≈≈≈≈...........#.#.....
##≈.≈≈≈≈≈≈≈≈.........##.#......
##..≈≈≈≈≈≈≈≈≈..........####.....
##...≈≈≈≈≈≈≈≈≈≈........#####.....
#....≈≈≈≈≈.≈≈.........##.........
....#..≈≈.>.≈...............#.P..
###.#............................


You could see an eight-headed hydra (blind).

Vanquished Creatures
  4 hydras
  A two-headed ogre (D:10)
  4 death yaks
  Urug (Lair:4)
  A lindwurm (Lair:3)
  4 elephants
  3 black mambas
  Psyche (D:8)
  3 centaur skeletons
  4 spiny frogs
  2 rime drakes (Lair:3)
  2 komodo dragons
  A troll (D:9)
  A hornet (D:10)
  9 blink frogs
  4 slime creatures (Lair:5)
  7 hippogriffs
  A vampire (D:11)
  A water elemental (D:11)
  A wraith (D:11)
  2 basilisks
  17 yaks
  3 hungry ghosts
  6 vampire mosquitoes (Lair:3)
  3 wargs
  4 nagas
  8 water moccasins
  3 porcupines
  An orc warrior (D:9)
  2 sky beasts
  2 ice beasts
  A necrophage (D:8)
  9 wolves
  8 centaurs
  7 ogres
  A big kobold (D:9)
  7 crocodiles
  14 bullfrogs
  A scorpion (D:9)
  8 killer bees
  9 electric eels
  10 wights
  A howler monkey (D:9)
  6 crimson imps
  3 bullfrog zombies
  A centaur zombie (D:6)
  7 hounds
  6 jellies
  4 orc priests
  A bullfrog skeleton (D:10)
  10 orc wizards
  A gnoll shaman (D:10)
  5 iguanas
  Natasha (thrice) (D:4)
  6 worker ants
  3 killer bee zombies
  A hound zombie (D:8)
  2 mummies (D:8)
  2 hound skeletons
  3 gnolls (D:10)
  9 adders
  2 shadow imps
  An adder zombie (D:8)
  3 adder skeletons
  3 worms
  8 leopard geckos
  28 orcs
  5 ball pythons
  10 bats
  3 giant cockroaches
  6 goblins
  4 hobgoblins
  9 jackals
  8 kobolds
  10 quokkas
  3 frilled lizards
  A leopard gecko skeleton (D:5)
  A leopard gecko zombie (D:8)
  A quokka skeleton (D:7)
  11 rats
  2 fungi (Lair:4)
374 creatures vanquished.

Vanquished Creatures (others)
  3 centaurs
  8 fungi
  A plant (Lair:2)
12 creatures vanquished.

Grand Total: 386 creatures vanquished

Notes
Turn   | Place    | Note
-------+----------+-------------------------------------------
     0 | D:1      | Gynju the Draconian Conjurer began the quest for the Orb.
     0 | D:1      | Reached XP level 1. HP: 14/14 MP: 3/3
   236 | D:1      | Reached XP level 2. HP: 7/20 MP: 0/5
  1312 | D:2      | Reached XP level 3. HP: 26/26 MP: 1/7
  2112 | D:2      | Reached XP level 4. HP: 32/33 MP: 2/8
  2337 | D:2      | Reached skill level 5 in Conjurations
  3089 | D:3      | Found a hazy altar of Hepliaklqana.
  3178 | D:3      | Reached XP level 5. HP: 33/38 MP: 3/10
  3278 | D:3      | Found an ornate altar of the Wu Jian Council.
  3376 | D:3      | Learned a level 3 spell: Dazzling Spray
  3754 | D:3      | Found a glowing golden altar of the Shining One.
  4551 | D:4      | Noticed Edmund
  4653 | D:4      | Reached skill level 1 in Hexes
  4825 | D:4      | Noticed Natasha
  4833 | D:4      | Killed Natasha
  4899 | D:4      | Noticed Natasha
  4904 | D:4      | Killed Natasha
  4904 | D:4      | Reached XP level 6. HP: 44/45 MP: 6/12
  5601 | D:5      | Entered Level 5 of the Dungeon
  5612 | D:5      | Reached skill level 6 in Conjurations
  5790 | D:5      | Reached skill level 1 in Fighting
  5790 | D:5      | Reached skill level 1 in Short Blades
  5790 | D:5      | Your scales start taking on a glossy black colour.
  5790 | D:5      | Reached XP level 7. HP: 52/52 MP: 2/13
  5790 | D:5      | Gained mutation: You are resistant to electric shocks.
                  | (rElec) [Black Draconian growth]
  6466 | D:5      | Found a sparkling altar of Nemelex Xobeh.
  6507 | D:5      | Noticed Sigmund
  6915 | D:6      | Learned a level 2 spell: Passwall
  7081 | D:4      | Noticed Natasha
  7086 | D:4      | Killed Natasha
  7237 | D:5      | Reached skill level 7 in Conjurations
  7245 | D:5      | Reached XP level 8. HP: 62/62 MP: 6/14
  7668 | D:6      | Reached skill level 1 in Earth Magic
  8349 | D:6      | Found a staircase to the Ecumenical Temple.
  8355 | Temple   | Entered the Ecumenical Temple
  8492 | Temple   | Became a worshipper of Vehumet
  8527 | D:6      | Found a blossoming altar of Fedhas.
  8617 | D:6      | Reached skill level 1 in Shields
  9424 | D:7      | Reached XP level 9. HP: 62/71 MP: 11/15
  9474 | D:7      | Found a shimmering altar of Xom.
  9544 | D:7      | Reached skill level 8 in Conjurations
  9767 | D:7      | Found a stormy altar of Qazlal.
 10033 | D:6      | Reached * piety under Vehumet
 10033 | D:6      | Offered knowledge of Flame Tongue by Vehumet.
 10036 | D:6      | Learned a level 1 spell: Flame Tongue
 11163 | D:8      | Reached skill level 5 in Spellcasting
 11302 | D:8      | Identified the Almanac of Conjuration and Cold
 12594 | D:9      | Noticed Psyche
 12711 | D:9      | Noticed a troll
 13346 | D:8      | Killed Psyche
 13346 | D:8      | Reached XP level 10. HP: 66/80 MP: 1/17
 13368 | D:9      | Offered knowledge of Freeze by Vehumet.
 13371 | D:9      | Learned a level 1 spell: Freeze
 13378 | D:9      | Reached ** piety under Vehumet
 13679 | D:9      | Reached skill level 9 in Conjurations
 13912 | D:9      | Reached skill level 5 in Fighting
 14527 | D:10     | Entered Level 10 of the Dungeon
 14598 | D:10     | Reached skill level 5 in Hexes
 14790 | D:10     | Reached skill level 5 in Dodging
 15019 | D:10     | Offered knowledge of Inner Flame by Vehumet.
 15107 | D:10     | Found a staircase to the Orcish Mines.
 15184 | D:10     | Reached skill level 5 in Short Blades
 15249 | D:10     | Reached *** piety under Vehumet
 15863 | D:10     | Noticed a two-headed ogre
 15877 | D:10     | Killed a two-headed ogre
 15877 | D:10     | Reached skill level 10 in Conjurations
 15888 | D:10     | Reached XP level 11. HP: 85/86 MP: 6/20
 16169 | D:10     | Paralysed by a hornet for 3 turns
 16395 | D:10     | Offered knowledge of Ignite Poison by Vehumet.
 17016 | D:11     | Noticed Erolcha
 17561 | D:11     | Noticed a purple ugly thing
 18043 | D:11     | Found a staircase to the Lair.
 18395 | D:11     | Reached skill level 11 in Conjurations
 18734 | D:11     | Reached skill level 5 in Earth Magic
 18837 | D:11     | Found a shattered altar of Ashenzari.
 19511 | Lair:1   | Entered Level 1 of the Lair of Beasts
 20224 | Lair:1   | Reached **** piety under Vehumet
 20598 | Lair:1   | Reached skill level 1 in Transmutations
 20702 | Lair:1   | Reached skill level 1 in Fire Magic
 20702 | Lair:1   | Reached skill level 1 in Ice Magic
 22105 | Lair:2   | Found a staircase to the Snake Pit.
 22634 | Lair:2   | Reached skill level 12 in Conjurations
 22641 | Lair:2   | Reached XP level 12. HP: 64/94 MP: 11/21
 22944 | Lair:2   | Found a runed translucent door.
 22946 | Lair:2   | Identified the +2 spear of Taxation {pierce, Str+7 Int-3}
 22946 | Lair:2   | Noticed skumtomte's ghost (novice HOBe)
 23091 | Lair:2   | Found a glowing silver altar of Zin.
 23246 | Lair:2   | Noticed a six-headed hydra
 23258 | Lair:2   | Killed a six-headed hydra
 23575 | Lair:2   | Learned a level 3 spell: Conjure Flame
 23582 | Lair:2   | Learned a level 6 spell: Iron Shot
 23947 | Lair:3   | Offered knowledge of Venom Bolt by Vehumet.
 24165 | Lair:3   | Found a staircase to the Swamp.
 24186 | Lair:3   | Noticed a five-headed hydra
 24195 | Lair:3   | Killed a five-headed hydra
 24247 | Lair:3   | Noticed a death yak
 24281 | Lair:2   | Learned a level 5 spell: Venom Bolt
 24572 | Lair:3   | Noticed a death yak
 24572 | Lair:3   | Noticed a death yak
 24584 | Lair:3   | Noticed a death yak
 24586 | Lair:3   | Noticed a death yak
 24587 | Lair:3   | Noticed a death yak
 24621 | Lair:2   | Killed a death yak
 24829 | Lair:1   | Killed a death yak
 25428 | Lair:1   | Killed a death yak
 25550 | Lair:2   | Killed a death yak
 25864 | Lair:3   | Noticed Rupert
 25975 | Lair:3   | Found a transporter.
 25979 | Lair:3   | Found a transporter.
 25979 | Lair:3   | Noticed Shaidar's ghost (journeyman GrBe)
 25992 | Lair:3   | Noticed Nergalle
 26603 | Lair:4   | Noticed Urug
 26628 | Lair:4   | Killed Urug
 26665 | Lair:4   | Noticed a five-headed hydra
 26681 | Lair:4   | Killed a five-headed hydra
 27003 | Lair:4   | Noticed a four-headed hydra
 27062 | Lair:4   | Killed a four-headed hydra
 27940 | Lair:4   | Reached skill level 13 in Conjurations
 28514 | Lair:5   | Reached XP level 13. HP: 102/105 MP: 14/23
 28594 | Lair:5   | You fall into a shaft and drop 1 floor!
 28594 | Lair:6   | Entered Level 6 of the Lair of Beasts
 28680 | Lair:5   | Found a staircase to the Slime Pits.
 30210 | Lair:5   | Mangled by an eight-headed hydra

Levels and vault maps discovered:
D:1:      dpeg_arrival_stone_temple_mockup, layout_basic, skrybe_limestone_x
D:2:      layout_basic, minmay_pentomino_s4
D:3:      layout_loops_cross, lemuel_crystal_altar, lemuel_doored_altar,
          marbit_many_paths, kennysheep_nondescript, grunt_decor_one_mirror,
          dk_noncrumbling_3
D:4:      layout_basic, uniq_natasha, uniq_edmund
D:5:      layout_rooms, first_ration, nemelex_xobeh_ov_fountains_minmay,
          uniq_sigmund
D:6:      layout_rooms, overflow_temple_1_default,
          minmay_temple_entry_enclosed_plants
D:7:      layout_rooms, kennysheep_mini_moat, nicolae_overflow_crystal_walls,
          grunt_ogre_cave, water_boxes_lemuel
D:8:      layout_cave_pods, serial_undead, serial_undead_f, serial_undead_d,
          serial_undead_b, serial_undead_a, grunt_decor_clamped
D:9:      minmay_s_stair_smasher, layout_cave_pools, enter_bailey_8, uniq_psyche
D:10:     layout_roguey, orc_0_dummy, minivault_22, billiards_dpeg
D:11:     layout_long_grid, erik_lair_orcish_takeover, basic_altar,
          nicolae_water_bricks, uniq_erolcha
Temple:   eino_temple_scatter_basement
Lair:1:   layout_cave_pods, grunt_megastairs_5, serial_bayou_shore_b
Lair:2:   layout_cave_shapes, minmay_snake_entry_guardpost_small, basic_altar,
          ebering_ghost_funeral_grove, serial_bayou_shore_a, grunt_megastairs_3
Lair:3:   layout_cave_pods, minmay_swamp_entry_swarm, gammafunk_ghost_hive,
          serial_rivers, chequers_serial_rivers_micro_d,
          chequers_serial_rivers_small_3, chequers_serial_rivers_micro_a,
          chequers_serial_rivers_room_a, uniq_nergalle, uniq_rupert
Lair:4:   statuecave_lemuel, layout_loops_ring, uniq_urug
Lair:5:   layout_gridlike, minmay_slime_entry_pillars, infiniplex_staircase_pool
Lair:6:   minmay_lair_end_frog_pond, layout_gridlike, uniq_josephine, uniq_kirke

Skill      XL: |  1  2  3  4  5  6  7  8  9 10 11 12 |
---------------+-------------------------------------+-----
Spellcasting   | 3 4 5 6 7 |  7.3
Conjurations   | 5 6 7 8 10 12 13 | 13.0
Hexes          | 1 2 3 4 5 |  5.0
Dodging        | 2 3 4 5 6 |  6.9
Fighting       | 1 2 3 4 5 7 |  7.4
Short Blades   | 1 2 3 4 5 7 8 |  8.8
Earth Magic    | 1 2 4 5 6 |  6.2
Shields        | 1 3 4 |  4.0
Transmutations | 1 2 |  2.1
Fire Magic     | 1 2 |  2.0
Ice Magic      | 1 2 |  2.0
Stealth        | |  1.7

Action                   |  1- 3 |  4- 6 |  7- 9 | 10-12 | 13-15 || total
-------------------------+-------+-------+-------+-------+-------++-------
Melee: Short sword       |    12 |     8 |       |       |       ||    20
       Dagger            |     3 |       |       |       |       ||     3
       Tailslap          |     2 |     6 |     7 |    53 |     7 ||    75
       Rapier            |       |    31 |    71 |   454 |    68 ||   624
 Fire: Fustibalus        |       |       |       |       |     2 ||     2
 Cast: Magic Dart        |    80 |   119 |   385 |   581 |   102 ||  1267
       Dazzling Spray    |       |     5 |    50 |   194 |    25 ||   274
       Flame Tongue      |       |       |       |     7 |       ||     7
       Freeze            |       |       |       |    12 |       ||    12
       Passwall          |       |       |       |     3 |       ||     3
       Venom Bolt        |       |       |       |     6 |       ||     6
       Conjure Flame     |       |       |       |     5 |     1 ||     6
Evoke: Wand              |       |       |       |     4 |       ||     4
  Use: Scroll            |       |     4 |    13 |    19 |     2 ||    38
       Potion            |       |       |     2 |     5 |     2 ||     9
 Stab: Invisible         |       |     3 |     6 |    38 |     6 ||    53
       Sleeping          |       |       |     1 |       |       ||     1
  Eat: Chunk             |     4 |    12 |    22 |    40 |     2 ||    80
       Ration            |       |       |     2 |     5 |     1 ||     8
Armor: Skin              |     7 |    20 |    95 |   200 |    33 ||   355
Dodge: Dodged            |    15 |    30 |   225 |   398 |    74 ||   742
Block: Other             |       |       |    16 |       |       ||    16
       Buckler           |       |       |    12 |   231 |    42 ||   285
       Reflection        |       |       |     1 |    19 |       ||    20

Table legend:
 A = Non-vault XP
 B = Vault XP
 C = Vault XP percentage of total XP
 D = Non-vault monster count
 E = Vault monster count
 F = Vault count percentage of total count
                 A         B        C        D         E       F
            +---------+---------+-------+---------+---------+-------
      Total |   34857 |    8057 |  18.8 |     314 |      61 |  16.3
            +---------+---------+-------+---------+---------+-------
        D:1 |      28 |       0 |   0.0 |      19 |       0 |   0.0
        D:2 |     135 |       5 |   3.6 |      25 |       4 |  13.8
        D:3 |     111 |       2 |   1.8 |      21 |       1 |   4.5
        D:4 |     215 |      35 |  14.0 |      13 |       1 |   7.1
        D:5 |    1069 |       0 |   0.0 |      24 |       0 |   0.0
        D:6 |     844 |       0 |   0.0 |      20 |       0 |   0.0
        D:7 |    1576 |     112 |   6.6 |      28 |       1 |   3.4
        D:8 |     360 |     931 |  72.1 |       6 |      12 |  66.7
        D:9 |     791 |     875 |  52.5 |      15 |      11 |  42.3
       D:10 |    5556 |     800 |  12.6 |      51 |       5 |   8.9
       D:11 |    2357 |     749 |  24.1 |      17 |       6 |  26.1
     Lair:1 |    4678 |    1226 |  20.8 |      15 |       7 |  31.8
     Lair:2 |    3898 |     362 |   8.5 |      10 |       2 |  16.7
     Lair:3 |    5138 |    1088 |  17.5 |      18 |       6 |  25.0
     Lair:4 |    4771 |     827 |  14.8 |      18 |       1 |   5.3
     Lair:5 |    3330 |    1045 |  23.9 |      14 |       4 |  22.2
            +---------+---------+-------+---------+---------+-------
